 Dungeon Sprint DCSS version 0.24.0-35-gdb84b6a5db (webtiles) character file.

Game seed: 14477264534047768566, levelgen mode: deterministic

38466 Groucho the Acrobat (level 13, -25/79 HPs)
             Began as a Spriggan Enchanter on Nov 20, 2019.
             Was the Champion of Dithmenos.
             Annihilated by an orc warlord
             ... wielding a +6 dire flail of holy wrath
              (56 damage)
             ... in the Dungeon (Sprint VII: "The Pits").
             The game lasted 00:35:17 (6659 turns).

Groucho the Acrobat (Spriggan Enchanter)            Turns: 6659, Time: 00:35:18

Health: -25/79     AC:  8    Str:  7    XL:     13   Next: 64%
Magic:  29/38      EV: 37    Int: 18    God:    Dithmenos [******]
Gold:   56         SH:  0    Dex: 20    Spells: 34/52 levels left

rFire    . . .     SeeInvis +   c - +2 dagger
rCold    . . .     Gourm    .   (shield restricted)
rNeg     . . .     Faith    .   q - +2 robe {Archmagi}
rPois    .         Spirit   .   (helmet restricted)
rElec    .         Reflect  .   t - +0 cloak
rCorr    .         Harm     .   (gloves unavailable)
MR       ++...     NoTele   +   (boots unavailable)
Stlth    ++++++++++             (no amulet)
HPRegen  0.23/turn              o - +3 ring of dexterity
MPRegen  0.26/turn              p - +3 ring of protection

@: wreathed by umbra, very quick
A: very small, unfitting armour, see invisible, herbivore, speed 3, slow
metabolism 2
a: Shadow Step, Shadow Form, Renounce Religion


You were in the Dungeon.
You worshipped Dithmenos.
Dithmenos was exalted by your worship.
You were not hungry.

You visited 1 branch You collected 56 gold pieces.

Inventory:

Hand Weapons
 c - a +2 dagger (weapon)
 s - a +2 rapier of draining
Missiles
 n - 21 stones (quivered)
Armour
 q - a +2 robe of the Archmagi (worn)
 t - a +0 cloak (worn)
 D - a +2 robe of magic resistance
Jewellery
 h - an uncursed ring of protection from magic
 o - a +3 ring of dexterity (left hand)
 p - a +3 ring of protection (right hand)
 x - an uncursed ring of ice
 A - an uncursed ring of ice
 B - the ring "Vagud" {-Tele rPois Int+7 Stlth-}
   (You took it off a cherub in the Dungeon)

   [ring of attention]

   It affects your intelligence (+7).
   It protects you from poison.
   It prevents most forms of teleportation.
   It makes you less stealthy.
Wands
 C - a wand of polymorph (5)
Scrolls
 j - a scroll of blinking
 k - 7 scrolls of remove curse
 l - 5 scrolls of amnesia
 m - a scroll of summoning
 v - a scroll of fog
 w - 2 scrolls of identify
 y - 3 scrolls of fear
 z - 2 scrolls of enchant armour
Potions
 a - a potion of invisibility
 e - 7 potions of curing
 f - 2 potions of heal wounds
 g - 6 potions of haste
 i - 4 potions of berserk rage
 r - a potion of agility
 u - a potion of brilliance
Comestibles
 d - 13 rations


   Skills:
 - Level 14.0 Fighting
 - Level 10.0 Short Blades
 + Level 22.2 Dodging
 - Level 15.1 Stealth
 + Level 20.4 Spellcasting
 - Level 10.0 Conjurations
 - Level 14.0 Hexes
 + Level 6.6 Transmutations
 - Level 5.0 Ice Magic


You had 34 spell levels left.
You knew the following spells:

 Your Spells              Type           Power        Failure   Level  Hunger
a - Corona                Hex            #######      0%          1    None
b - Ensorcelled Hibernat  Hex/Ice        ######       1%          2    None
c - Confuse               Hex            #######.     1%          3    None
d - Dazzling Spray        Conj/Hex       ######       1%          3    None
e - Tukima's Dance        Hex            #######.     1%          3    None
f - Statue Form           Tmut/Erth      #####....    71%         6    ####...

Your spell library contained the following spells:

 Spells                   Type           Power        Failure   Level  Hunger
 Irradiate                Conj/Tmut      ######....   2%          5    ##.....
 Hydra Form               Tmut           ######....   26%         6    ####...
 Dragon Form              Tmut           ######....   83%         7    ######.


Dungeon Overview and Level Annotations

Branches:
Dungeon (1/1)

Altars:
Ashenzari
Cheibriados
Dithmenos
Elyvilon
Fedhas
Gozag
Hepliaklqana
Kikubaaqudgha
Makhleb
Nemelex Xobeh
Okawaru
Qazlal
Ru
Sif Muna
Trog
Uskayaw
Vehumet
Wu Jian
Xom
Yredelemnul
Zin
The Shining One
Beogh
Jiyva
Lugonu


Innate Abilities, Weirdness & Mutations

You are very small and have problems with some larger weapons.
You are too small for most types of armour.
You have supernaturally acute eyesight. (SInv)
You are a herbivore.
You cover ground extremely quickly.
You need to consume almost no food.


Message History

Casting: Ensorcelled Hibernation (safe; 1% risk of failure)
Confirm with . or Enter, or press ? or * to list all spells.
Aiming: Ensorcelled Hibernation (safe; 1% risk of failure)
Press: ? - help, Shift-Dir - straight line, f - orc warlord
Aim: an orc warlord, wielding a +0 arbalest and wearing a +2 chain mail of magic resistance (unusually strong, umbra, chance to defeat MR: 11%)
You feel a surge of power!
The orc warlord resists with almost no effort.
Your shadow mimicks your spell!
The orc warlord resists with almost no effort.
The orc warlord unwields a +0 arbalest.
The orc warlord wields a +6 dire flail of holy wrath.
It softly glows with a divine radiance!
The orc warlord hits you with a +6 dire flail of holy wrath!!!
Ouch! That really hurt!
* * * LOW HITPOINT WARNING * * *
You emit a cloud of dark smoke.
You feel much better.
The orc warlord hits you with a +6 dire flail of holy wrath!!!
Ouch! That really hurt!
You die...

.....# .(...# ..#..# .....+
.....+ ###''#
###')############################
.##...........§§§o§.(((.......)..
.##(......((.)§§@§§.(............
.##..##############'(############
.##..# ..... .##..# ...(.# .##..#
..#### .##..# .o. .##..# .o.o
###..#


ooo( ###..# You could see an orc warlord.

Vanquished Creatures
  A death cob (D)
  A nagaraja (D)
  Ilsuiw (D)
  An orc warlord (D)
  2 emperor scorpions (D)
  A balrug (D)
  A stone giant (D)
  3 minotaurs (D)
  An eidolon (D)
  A merfolk javelineer (D)
  A merfolk impaler (D)
  Erolcha (D)
  A hydra (D)
  A merfolk avatar (D)
  A death knight (D)
  An alligator (D)
  2 death yaks (D)
  A deep elf knight (D)
  Sonja (D)
  A sun demon (D)
  A fire crab (D)
  An unseen horror (D)
  2 spriggan druids (D)
  A cherub (D)
  A lindwurm (D)
  A wolf spider (D)
  A deep elf mage (D)
  9 orc knights (D)
  A cyclops (D)
  A merfolk siren (D)
  An elephant (D)
  2 molten gargoyles (D)
  A guardian serpent (D)
  A black mamba (D)
  An orange demon (D)
  A spiny frog (D)
  2 efreet (D)
  A guardian mummy (D)
  A hellwing (D)
  A red devil (D)
  3 merfolk (D)
  2 tyrant leeches (D)
  A jumping spider (D)
  A hornet (D)
  6 slime creatures (D)
  A redback (D)
  A shadow (D)
  A wyvern (D)
  An air elemental (D)
  2 basilisks (D)
  A hog (shapeshifter) (D)
  A water elemental (D)
  A chaos spawn (D)
  A hungry ghost (D)
  A soldier ant (D)
  An acid dragon (D)
  A water moccasin (D)
  A warg (D)
  5 hell hounds (D)
  3 floating eyes (D)
  3 orc warriors (D)
  Purgy (D)
  A black bear (D)
  2 eyes of draining (D)
  An ogre (D)
  10 wolves (D)
  A crocodile (D)
  2 big kobolds (D)
  A scorpion (D)
  10 wights (D)
  A crimson imp (D)
  A hound (D)
  6 orc wizards (D)
  Crazy Yiuf (D)
  A gnoll shaman (D)
  Terence (D)
  A worker ant (D)
  4 gnolls (D)
  A river rat (D)
  A white imp (D)
  3 ufetubi (D)
  A worm (D)
  7 orcs (D)
  A giant cockroach (D)
  2 goblins (D)
  4 jackals (D)
  A quokka (D)
  A frilled lizard (D)
  2 giant cockroach zombies (D)
  A rat (D)
163 creatures vanquished.

Notes
Turn   | Place    | Note
-------+----------+-------------------------------------------
     0 | D        | Groucho the Spriggan Enchanter began the quest for the Orb.
     0 | D        | Reached XP level 1. HP: 9/9 MP: 5/5
     8 | D        | Noticed a floating eye
    11 | D        | Killed a floating eye
    11 | D        | Reached skill level 10 in Stealth
    11 | D        | Reached skill level 5 in Spellcasting
    11 | D        | Reached XP level 2. HP: 13/13 MP: 5/9
    11 | D        | Reached XP level 3. HP: 16/16 MP: 6/11
    11 | D        | Reached XP level 4. HP: 21/21 MP: 6/12
   303 | D        | Learned a level 2 spell: Ensorcelled Hibernation
   307 | D        | Learned a level 3 spell: Confuse
   311 | D        | Learned a level 3 spell: Dazzling Spray
   315 | D        | Learned a level 3 spell: Tukima's Dance
   347 | D        | Found a bloodstained altar of Trog.
   347 | D        | Found a shimmering blue altar of Sif Muna.
   347 | D        | Found a viscous altar of Jiyva.
   347 | D        | Found a hazy altar of Hepliaklqana.
   347 | D        | Found an opulent altar of Gozag.
   348 | D        | Found a glowing golden altar of the Shining One.
   348 | D        | Found a glowing silver altar of Zin.
   348 | D        | Found a basalt altar of Yredelemnul.
   348 | D        | Found a shimmering altar of Xom.
   348 | D        | Found an ornate altar of the Wu Jian Council.
   348 | D        | Found a sacrificial altar of Ru.
   348 | D        | Found a stormy altar of Qazlal.
   348 | D        | Found an iron altar of Okawaru.
   348 | D        | Found a sparkling altar of Nemelex Xobeh.
   348 | D        | Found a burning altar of Makhleb.
   348 | D        | Found a blossoming altar of Fedhas.
   348 | D        | Found a white marble altar of Elyvilon.
   348 | D        | Found a shadowy altar of Dithmenos.
   348 | D        | Found a snail-covered altar of Cheibriados.
   351 | D        | Found a corrupted altar of Lugonu.
   351 | D        | Found a radiant altar of Vehumet.
   351 | D        | Found a roughly hewn altar of Beogh.
   352 | D        | Found an ancient bone altar of Kikubaaqudgha.
   352 | D        | Found a hide-covered altar of Uskayaw.
   352 | D        | Found a shattered altar of Ashenzari.
   362 | D        | Became a worshipper of Dithmenos the Shadowed
   376 | D        | Noticed a floating eye
   379 | D        | Killed a floating eye
   379 | D        | Reached XP level 5. HP: 24/24 MP: 12/15
   386 | D        | Reached * piety under Dithmenos
   445 | D        | Reached ** piety under Dithmenos
   451 | D        | Noticed Crazy Yiuf
   453 | D        | Killed Crazy Yiuf
   456 | D        | Reached *** piety under Dithmenos
   525 | D        | Reached **** piety under Dithmenos
   525 | D        | Reached XP level 6. HP: 28/28 MP: 12/18
   560 | D        | Reached skill level 15 in Stealth
   790 | D        | Reached ***** piety under Dithmenos
   790 | D        | Reached skill level 1 in Fighting
   806 | D        | Reached skill level 4 in Dodging
   812 | D        | Reached XP level 7. HP: 34/34 MP: 10/20
   831 | D        | Reached skill level 5 in Dodging
  1158 | D        | Noticed an efreet
  1160 | D        | Killed an efreet
  1160 | D        | Reached skill level 6 in Dodging
  1160 | D        | Reached skill level 10 in Spellcasting
  1160 | D        | Reached skill level 10 in Hexes
  1166 | D        | Reached ****** piety under Dithmenos
  1169 | D        | Reached skill level 5 in Short Blades
  1169 | D        | Reached skill level 7 in Dodging
  1184 | D        | Reached XP level 8. HP: 35/42 MP: 14/23
  1328 | D        | Noticed a hornet
  1328 | D        | Noticed Sonja
  1330 | D        | Killed a hornet
  1330 | D        | Reached skill level 8 in Dodging
  1331 | D        | Killed Sonja
  1331 | D        | Reached skill level 5 in Fighting
  1331 | D        | Reached skill level 9 in Dodging
  1358 | D        | Noticed a tyrant leech
  1358 | D        | Noticed Purgy
  1358 | D        | Noticed an efreet
  1362 | D        | Killed an efreet
  1362 | D        | Reached skill level 10 in Dodging
  1362 | D        | Reached XP level 9. HP: 28/47 MP: 16/25
  1366 | D        | Killed a tyrant leech
  1649 | D        | Killed Purgy
  1649 | D        | Reached skill level 11 in Dodging
  1684 | D        | Noticed a four-headed hydra
  1692 | D        | Killed a four-headed hydra
  1835 | D        | Reached skill level 12 in Dodging
  1931 | D        | Reached XP level 10. HP: 55/55 MP: 17/28
  2194 | D        | Reached skill level 10 in Short Blades
  2203 | D        | Noticed a spriggan druid
  2204 | D        | Noticed an unseen horror
  2207 | D        | Killed an unseen horror
  2207 | D        | Reached skill level 13 in Dodging
  2207 | D        | Reached skill level 1 in Conjurations
  2224 | D        | Killed a spriggan druid
  2241 | D        | Reached skill level 14 in Dodging
  2621 | D        | Noticed a death yak
  2621 | D        | Noticed Erolcha
  2623 | D        | Noticed a spiny frog
  2624 | D        | Noticed a cyclops
  2624 | D        | Noticed an orange demon
  2630 | D        | Killed a death yak
  2632 | D        | Killed Erolcha
  2632 | D        | Reached XP level 11. HP: 62/62 MP: 30/30
  2664 | D        | Reached skill level 15 in Dodging
  2958 | D        | Noticed Terence
  2968 | D        | Reached skill level 15 in Spellcasting
  2999 | D        | Killed Terence
  2999 | D        | Reached skill level 5 in Conjurations
  3035 | D        | Noticed an orc knight
  3044 | D        | Killed an orc knight
  3112 | D        | Reached skill level 10 in Fighting
  3112 | D        | Reached skill level 16 in Dodging
  3617 | D        | Noticed an emperor scorpion
  3617 | D        | Noticed a lindwurm
  3619 | D        | Killed a lindwurm
  3620 | D        | Killed an emperor scorpion
  3668 | D        | Noticed an eidolon
  3671 | D        | Killed an eidolon
  3671 | D        | Reached skill level 17 in Dodging
  3685 | D        | Noticed a deep elf knight
  3824 | D        | Killed a deep elf knight
  4205 | D        | Noticed a merfolk impaler
  4206 | D        | Noticed a death knight
  4206 | D        | Noticed an emperor scorpion
  4206 | D        | Noticed a merfolk avatar
  4208 | D        | Reached XP level 12. HP: 70/70 MP: 33/33
  4209 | D        | Noticed a nagaraja
  4210 | D        | Killed a nagaraja
  4210 | D        | Reached skill level 18 in Dodging
  4211 | D        | Killed a merfolk avatar
  4212 | D        | Identified the ring "Vagud" {-Tele rPois Int+7 Stlth-}
  4355 | D        | Noticed a death yak
  4362 | D        | Noticed an alligator
  4374 | D        | Killed an alligator
  4374 | D        | Reached skill level 19 in Dodging
  4399 | D        | Killed a death yak
  4681 | D        | Noticed a death cob
  4745 | D        | Killed a death cob
  4926 | D        | Killed a merfolk impaler
  5074 | D        | Killed a death knight
  5091 | D        | Killed an emperor scorpion
  5091 | D        | Reached skill level 20 in Dodging
  5354 | D        | Noticed a minotaur
  5415 | D        | Killed a minotaur
  5415 | D        | Reached skill level 10 in Conjurations
  5415 | D        | Reached XP level 13. HP: 38/76 MP: 33/36
  5437 | D        | Reached skill level 1 in Ice Magic
  5745 | D        | Noticed a minotaur
  5745 | D        | Noticed a stone giant
  5745 | D        | Noticed a balrug
  5745 | D        | Noticed Ilsuiw
  5779 | D        | Killed a minotaur
  5873 | D        | Killed a balrug
  5879 | D        | Identified the +11 scimitar of the Tiger {pain, rPois rF-
                  | Stlth+}
  5882 | D        | Noticed a merfolk javelineer
  5894 | D        | Killed Ilsuiw
  5897 | D        | Killed a merfolk javelineer
  5900 | D        | Reached skill level 21 in Dodging
  6186 | D        | Killed a stone giant
  6285 | D        | Noticed a minotaur
  6330 | D        | Killed a minotaur
  6471 | D        | Noticed an orc warlord
  6472 | D        | Noticed an orc warlord
  6509 | D        | Reached skill level 5 in Ice Magic
  6523 | D        | Learned a level 6 spell: Statue Form
  6548 | D        | Reached skill level 1 in Transmutations
  6641 | D        | Killed an orc warlord
  6641 | D        | Reached skill level 22 in Dodging
  6641 | D        | Reached skill level 5 in Transmutations
  6659 | D        | Annihilated by an orc warlord

Levels and vault maps discovered:
D:        pitsprint [storerooms_1, entrance_room_1, metal_vault_1, armoury_2,
          mini_pit_1, grid_room_1, main_hall_1, silver_pit, the_coven_2,
          the_vestibule_1, steel_vault_4, golden_pit, hallway_of_sentries,
          crystal_vault_3, iron_vault_4, final_vault]

Skill      XL: |  1  2  3  4  5  6  7  8  9 10 11 12 13 |
---------------+----------------------------------------+-----
Stealth        | 10 12 14 15 | 15.1
Spellcasting   | 5 7 8 9 10 11 13 14 16 18 20 | 20.4
Hexes          | 6 7 8 9 10 12 13 14 | 14.0
Fighting       | 1 3 5 7 9 11 12 14 | 14.0
Short Blades   | 2 5 7 9 10 | 10.0
Dodging        | 4 7 10 12 14 17 20 22 | 22.2
Conjurations   | 4 7 10 | 10.0
Ice Magic      | 5 |  5.0
Transmutations | 6 |  6.6

Action                   |  1- 3 |  4- 6 |  7- 9 | 10-12 | 13-15 || total
-------------------------+-------+-------+-------+-------+-------++-------
Melee: Dagger            |     1 |    39 |    44 |   149 |    40 ||   273
Throw: Stone             |       |     1 |       |     6 |     7 ||    14
 Cast: Ensorcelled Hiber |       |     9 |    21 |    68 |    23 ||   121
       Confuse           |       |     7 |     5 |    16 |     3 ||    31
       Dazzling Spray    |       |     1 |     6 |    55 |    18 ||    80
Invok: Shadow Step       |       |       |     4 |     7 |     4 ||    15
Evoke: Wand              |       |       |       |       |     1 ||     1
  Use: Potion            |       |     1 |     1 |    11 |     8 ||    21
       Scroll            |       |       |       |     1 |       ||     1
 Stab: Sleeping          |     1 |    15 |    29 |    54 |    14 ||   113
       Confused          |       |     6 |     1 |    11 |     4 ||    22
       Invisible         |       |     1 |     2 |    10 |     6 ||    19
       Distracted        |       |     1 |       |       |       ||     1
  Eat: Ration            |       |       |       |     2 |       ||     2
Armor: Robe              |       |     1 |     2 |     4 |       ||     7
Dodge: Dodged            |       |    10 |    38 |   160 |    40 ||   248
